 Dungeon Crawl Stone Soup version 0.31.0-11-ge490571c62 (webtiles) character file.

Game seed: 12677527196906123350

2463 qw the Nimble (level 9, -9/44 HPs)
             Began as a Spriggan Hunter on Feb 3, 2024.
             Was a Believer of Okawaru.
             Mangled by a hornet (15 damage)
             ... on level 8 of the Dungeon.
             The game lasted 00:02:22 (6798 turns).

qw the Nimble (Spriggan Hunter)                     Turns: 6798, Time: 00:02:23

Health: -9/44      AC:  4    Str:  7    XL:     9   Next: 26%
Magic:  12/13      EV: 38    Int: 10    God:    Okawaru [**....]
Gold:   31         SH:  0    Dex: 29    Spells: 8/8 levels left

rFire   . . .        f - +0 orcbow
rCold   . . .        (shield currently unavailable)
rNeg    . . .        c - +0 robe
rPois   .            (helmet restricted)
rElec   .            d - +1 cloak
rCorr   .            (gloves unavailable)
SInv    +            (boots unavailable)
Will    ++...        (no amulet)
Stlth   ++++         b - +6 ring of dexterity
HPRegen 0.27/turn    i - ring of willpower
MPRegen 0.13/turn

%: no passive effects
@: lethally poisoned (-9 -> -13), heroic, slowed, quick
A: very small, no large weapons, unfitting armour, see invisible, speed 3
a: Renounce Religion, Heroism


You were on level 8 of the Dungeon.
You worshipped Okawaru.
Okawaru was pleased with you.
You visited 2 branches of the dungeon, and saw 9 of its levels.

You collected 389 gold pieces.
You spent 358 gold pieces at shops.


Innate Abilities, Weirdness & Mutations

You are very small and have problems with some larger weapons.
You are too small for most types of armour.
You have supernaturally acute eyesight. (SInv)
You cover ground extremely quickly. (Speed+++)


   Skills:
 - Level 3.1(8.1) Fighting
 - Level 9.0(14.0) Ranged Weapons
 + Level 10.7(15.7) Dodging
 - Level 1.5(6.5) Stealth
 - Level 4.0 Invocations


You had 8 spell levels left.
You didn't know any spells.
Your spell library was empty.

Inventory:

Hand Weapons
 f - a +0 orcbow (weapon)
Armour
 c - a +0 robe (worn)
 d - a +1 cloak (worn)
Jewellery
 b - a +6 ring of dexterity (left hand)
 i - a ring of willpower (right hand)
Wands
 k - a wand of iceblast (12)
Scrolls
 l - 3 scrolls of identify
 m - a scroll of brand weapon {unknown}
Potions
 a - 3 potions of might
 e - a potion of enlightenment
 g - 3 potions of curing
 h - 2 potions of heal wounds

Dungeon Overview and Level Annotations

Branches:
Dungeon (8/15)             Temple (1/1) D:5
   Lair: D:8-11

Altars:
Ashenzari
Cheibriados
Dithmenos
Elyvilon
Fedhas
Gozag
Kikubaaqudgha
Nemelex Xobeh
Okawaru
Qazlal
Sif Muna
Trog
Uskayaw
Vehumet
Wu Jian
Xom
Zin
The Shining One

Shops:
D:4 !   D:5 :   D:7 *

Annotations:
D:4 exclusion: 2 hobgoblins


Message History

The orc is almost dead.
The hornet stings you!
You feel yourself slow down. The hornet completely misses you.
6788 ||| INVOKING Heroism.
You gain the combat prowess of a mighty hero.
You feel yourself speed up.
The hornet completely misses you. x2; The orc completely misses you.
You shoot an arrow. The arrow barely misses the orc.
The hornet completely misses you. The orc misses you.
You shoot an arrow. The arrow hits the orc.
You kill the orc!
Okawaru accepts your kill. The hornet completely misses you.
You shoot an arrow. The arrow completely misses the hornet.
The hornet completely misses you. x2
You shoot an arrow. The arrow barely misses the hornet.
The hornet completely misses you.
You shoot an arrow. The arrow closely misses the hornet.
The hornet completely misses you.
You shoot an arrow. The arrow closely misses the hornet.
The hornet completely misses you.
You shoot an arrow. The arrow misses the hornet.
The hornet stings you.
You are poisoned.
You feel yourself slow down.
You shoot an arrow. The arrow hits the hornet!
The hornet is heavily wounded.
You feel yourself speed up.
You feel very sick. The hornet completely misses you. x2
You shoot an arrow.
The arrow hits the hornet but does no damage.
The hornet is heavily wounded.
You feel sick. The hornet misses you.
You shoot an arrow.
The arrow hits the hornet but does no damage.
The hornet is heavily wounded.
You feel sick. The hornet stings you!
You feel yourself slow down. The hornet stings you!
You die...

# ##.#....o.)..#
##..#.....#####
#....).....###
##....8..8....####
##...)...........#
..).8......8..##.# .
#........(....##.# )..
##............##.##.....
#..8......8...y@......!
###.....)).....)###.....
.#....8..8......# ....
................# ...
.............>.. ..
..... ....... . ....?
....... ..... #######
.....


You could see a hornet.

Vanquished Creatures
  Sigmund (D:3)
  A water moccasin (D:6)
  An orc warrior (D:8)
  A black bear (D:5)
  2 ogres (D:6)
  3 centaurs
  3 bullfrogs
  3 gnoll sergeants
  2 scorpions (D:5)
  3 wights (D:8)
  2 hounds (D:5)
  5 orc priests
  A jelly (D:4)
  Jessica (D:3)
  5 iguanas
  6 orc wizards
  A sleepcap (D:7)
  15 gnolls
  6 adders
  A shadow imp (D:7)
  3 white imps
  2 ufetubi (D:7)
  2 ribbon worms
  7 dart slugs
  28 orcs
  8 ball pythons
  6 endoplasms
  6 giant cockroaches
  5 goblins
  9 hobgoblins
  3 jackals (D:2)
  5 kobolds
  6 quokkas
  8 bats
  5 frilled lizards
  4 rats
170 creatures vanquished.

Notes
Turn   | Place    | Note
-------+----------+-------------------------------------------
     0 | D:1      | qw the Spriggan Hunter began the quest for the Orb.
     0 | D:1      | Reached XP level 1. HP: 10/10 MP: 2/2
     0 | D:1      | 0 ||| qw: Version: 0.3-a-155-g5e7d8dd
     0 | D:1      | 0 ||| qw: Game counter: 3144
     0 | D:1      | 0 ||| qw: Melee chars always use a shield: true
     0 | D:1      | 0 ||| qw: God list: Okawaru
     0 | D:1      | 0 ||| qw: Allow faded altars: false
     0 | D:1      | 0 ||| qw: Do Orc after clearing Dungeon:15 true
     0 | D:1      | 0 ||| qw: Do second Lair branch before Depths: true
     0 | D:1      | 0 ||| qw: Lair rune preference: random
     0 | D:1      | 0 ||| qw: Goals: Normal
     0 | D:1      | 0 ||| PLANNING D:1-11
    78 | D:1      | Reached skill level 3 in Dodging
   141 | D:1      | Reached XP level 2. HP: 14/14 MP: 3/3
   194 | D:1      | Reached skill level 4 in Dodging
   550 | D:1      | Reached XP level 3. HP: 18/18 MP: 4/4
   749 | D:1      | 749 ||| READING scroll labelled QUERIDGH HENE.
   750 | D:1      | 750 ||| READING scroll labelled YMU WAFUNUF.
   751 | D:1      | 751 ||| READING 2 scrolls labelled DAIPRO AT ALIRY.
   752 | D:1      | 752 ||| READING 3 scrolls labelled KUF MAAPTYQ.
   853 | D:1      | 853 ||| DRINKING 2 fizzy cyan potions.
   854 | D:1      | 854 ||| DROPPING scroll of butterflies.
   855 | D:1      | 855 ||| DROPPING potion of brilliance.
   856 | D:1      | 856 ||| DROPPING scroll of poison.
   857 | D:1      | 857 ||| DROPPING 2 scrolls of vulnerability.
   901 | D:2      | 901 ||| STAIRDANCE
  1221 | D:2      | Reached XP level 4. HP: 20/22 MP: 5/5
  1423 | D:2      | 1423 ||| UPGRADING to +6 ring of dexterity.
  1424 | D:2      | 1424 ||| READING scroll labelled OFAGAX ABOSS.
  1424 | D:2      | 1424 ||| IDENTIFYING pink potion
  1425 | D:2      | 1425 ||| READING scroll labelled BANOWKAAST.
  1425 | D:2      | 1425 ||| ENCHANTING +0 shortbow.
  1426 | D:2      | 1426 ||| DRINKING 3 ruby potions.
  1427 | D:2      | 1427 ||| DROPPING potion of berserk rage.
  1770 | D:2      | 1770 ||| READING 2 scrolls of identify.
  1770 | D:2      | 1770 ||| IDENTIFYING bubbling coppery potion
  1771 | D:2      | 1771 ||| READING scroll of identify.
  1771 | D:2      | 1771 ||| IDENTIFYING 2 scrolls labelled VUKKIG XAKIDGH
  1772 | D:2      | 1772 ||| DROPPING 2 scrolls of noise.
  1773 | D:2      | 1773 ||| DROPPING potion of invisibility.
  1781 | D:3      | 1781 ||| PLANNING SEWER
  1899 | D:3      | Reached skill level 5 in Dodging
  1987 | D:3      | Found a broken altar of Ashenzari.
  1989 | D:3      | Noticed a centaur
  2037 | D:3      | Reached XP level 5. HP: 25/25 MP: 6/6
  2038 | D:3      | Noticed Jessica
  2039 | D:3      | Noticed Sigmund
  2052 | D:3      | Killed Sigmund
  2053 | D:3      | Reached skill level 7 in Dodging
  2053 | D:3      | Reached XP level 6. HP: 19/30 MP: 7/7
  2055 | D:3      | Killed Jessica
  2202 | D:3      | 2202 ||| FLEEEEING.
  2203 | D:3      | 2203 ||| FLEEEEING.
  2316 | D:3      | 2316 ||| SWAPPING to +0 orcbow.
  2317 | D:3      | 2317 ||| DROPPING +0 shortbow.
  2383 | D:3      | 2383 ||| FLEEEEING.
  2384 | D:3      | 2384 ||| FLEEEEING.
  2385 | D:3      | 2385 ||| FLEEEEING.
  2386 | D:3      | 2386 ||| FLEEEEING.
  2392 | D:3      | 2392 ||| STAIRDANCE
  2403 | D:2      | 2403 ||| UPGRADING to +0 cloak.
  2408 | D:2      | 2408 ||| READING scroll of identify.
  2408 | D:2      | 2408 ||| IDENTIFYING black potion
  2413 | D:3      | 2413 ||| STAIRDANCE
  2583 | D:3      | Found a faded altar of an unknown god.
  2589 | D:3      | 2589 ||| RIP SEWER
  2589 | D:3      | 2589 ||| PLANNING D:1-11
  2633 | D:3      | Found a glowing drain.
  2796 | D:4      | Found Faituel's Distillery.
  2796 | D:4      | Found a hide-covered altar of Uskayaw.
  2807 | D:4      | 2807 ||| SHOPLISTING 2 potions of resistance (260 gold,
                  | have 250).
  2807 | D:4      | 2807 ||| BUYING potion of curing (39 gold).
  2807 | D:4      | Bought a potion of curing for 39 gold pieces
  2807 | D:4      | 2807 ||| BUYING potion of enlightenment (65 gold).
  2807 | D:4      | Bought a potion of enlightenment for 65 gold pieces
  2807 | D:4      | 2807 ||| BUYING potion of heal wounds (65 gold).
  2807 | D:4      | Bought a potion of heal wounds for 65 gold pieces
  2807 | D:4      | 2807 ||| BUYING potion of heal wounds (65 gold).
  2807 | D:4      | Bought a potion of heal wounds for 65 gold pieces
  2807 | D:4      | 2807 ||| SHOPLISTING potion of might (52 gold, have 16).
  2807 | D:4      | 2807 ||| SHOPLISTING potion of mutation (104 gold, have
                  | 16).
  2847 | D:4      | Reached skill level 6 in Ranged Weapons
  2889 | D:4      | 2889 ||| READING scroll of enchant armour.
  2889 | D:4      | 2889 ||| ENCHANTING +0 cloak.
  2971 | D:4      | Found a blossoming altar of Fedhas.
  3334 | D:4      | Reached skill level 8 in Dodging
  3334 | D:4      | Reached XP level 7. HP: 35/35 MP: 8/8
  3371 | D:4      | Found a bloodstained altar of Trog.
  3904 | D:5      | Entered Level 5 of the Dungeon
  4048 | D:5      | Found a staircase to the Ecumenical Temple.
  4049 | D:5      | 4049 ||| PLANNING TEMPLE
  4054 | Temple   | Entered the Ecumenical Temple
  4055 | Temple   | 4055 ||| PLANNING OKAWARU WORSHIP
  4064 | Temple   | Became a worshipper of Warmaster Okawaru
  4065 | Temple   | 4065 ||| PLANNING D:1-11
  4212 | D:5      | 4212 ||| FLEEEEING.
  4215 | D:5      | 4215 ||| FLEEEEING.
  4216 | D:5      | 4216 ||| FLEEEEING.
  4232 | D:5      | 4232 ||| FLEEEEING.
  4233 | D:5      | 4233 ||| FLEEEEING.
  4434 | D:5      | Reached skill level 9 in Dodging
  4539 | D:5      | Reached * piety under Okawaru
  4540 | D:5      | Reached XP level 8. HP: 39/39 MP: 9/9
  4697 | D:5      | Found Uroyggio's Tiny Tomes.
  4832 | D:5      | 4832 ||| READING scroll labelled JORORPH UDUAMI.
  4880 | D:6      | Reached skill level 1 in Invocations
  5009 | D:6      | 5009 ||| RETREEEEATING.
  5010 | D:6      | 5010 ||| RETREEEEATING.
  5113 | D:6      | Found an ornate altar of the Wu Jian Council.
  5180 | D:6      | Reached skill level 3 in Invocations
  5593 | D:6      | Reached skill level 3 in Fighting
  5747 | D:6      | 5747 ||| UPGRADING to ring of willpower.
  5748 | D:6      | 5748 ||| DROPPING ring of wizardry.
  5749 | D:6      | 5749 ||| READING 3 scrolls of identify.
  5749 | D:6      | 5749 ||| IDENTIFYING golden potion
  5750 | D:6      | 5750 ||| READING 2 scrolls of identify.
  5750 | D:6      | 5750 ||| IDENTIFYING scroll labelled QAADON GULI
  5751 | D:6      | 5751 ||| DROPPING scroll of fog.
  5752 | D:6      | 5752 ||| DROPPING potion of ambrosia.
  5831 | D:7      | Found Fuytu's Assorted Antiques.
  5837 | D:7      | 5837 ||| SHOPLISTING 3 scrolls of identify (186 gold, have
                  | 126).
  5837 | D:7      | 5837 ||| SHOPLISTING glowing fluorescent amulet (155 gold,
                  | have 126).
  5837 | D:7      | 5837 ||| BUYING iron wand (124 gold).
  5837 | D:7      | Bought an iron wand for 124 gold pieces
  5837 | D:7      | 5837 ||| SHOPLISTING scroll labelled FUOHEXK POTHE (31
                  | gold, have 2).
  5837 | D:7      | 5837 ||| SHOPLISTING scroll labelled SUH LIAPEREWK (31
                  | gold, have 2).
  5837 | D:7      | 5837 ||| SHOPLISTING scroll of identify (62 gold, have 2).
  5837 | D:7      | 5837 ||| SHOPLISTING scroll of teleportation (93 gold, have
                  | 2).
  5973 | D:7      | Reached ** piety under Okawaru
  6188 | D:7      | Found a glowing golden altar of the Shining One.
  6229 | D:7      | Reached skill level 9 in Ranged Weapons
  6229 | D:7      | Reached XP level 9. HP: 38/44 MP: 13/13
  6661 | D:7      | 6661 ||| READING 4 scrolls of identify.
  6661 | D:7      | 6661 ||| IDENTIFYING 2 scrolls labelled LAUPREKHEIK
  6662 | D:7      | 6662 ||| DROPPING 2 scrolls of summoning.
  6705 | D:8      | Reached skill level 10 in Dodging
  6730 | D:8      | HP: 10/44 [orc wizard/magic dart (4)]
  6731 | D:8      | 6731 ||| READING scroll of teleportation.
  6732 | D:8      | 6732 ||| DRINKING 3 potions of heal wounds.
  6788 | D:8      | 6788 ||| INVOKING Heroism.
  6798 | D:8      | HP: 6/44 [hornet (12)]
  6798 | D:8      | Mangled by a hornet

Levels and vault maps discovered:
D:1:      matt_arrival_spirals, layout_basic
D:2:      minmay_alternating_diamond, layout_loops_cross,
          corexii_item_surrounded_by_moat
D:3:      layout_basic, nicolae_ashenzari_skybound, portal_sewer_entry_d,
          serial_rivers, chequers_serial_rivers_small_b,
          chequers_serial_rivers_marsh, chequers_serial_rivers_large_a,
          chequers_serial_rivers_small_3, chequers_serial_rivers_marsh,
          hellmonk_ecumenical_altar_leap_of_faith, hangedman_decor_points,
          uniq_jessica, uniq_sigmund
D:4:      layout_layer_cave, fedhas_ov_isle_minmay, bloody_trog,
          overflow_temple_1_default, serial_shops, shop
D:5:      layout_basic, minmay_temple_entry_gardened_gates,
          nicolae_shop_i_like_small_books_too, kennysheep_decorative_pillar,
          kennysheep_generic_room_14
D:6:      layout_basic, nicolae_wu_jian_wuxing_cycle
D:7:      layout_basic, mainiacjoe_overflow_24_doors, serial_shops,
          nicolae_shop_hallway_plus
D:8:      layout_rooms, minmay_misc_feat_plants, pf_guarded_unrand_meek,
          uniq_jeremiah
Temple:   chequers_temple_sunken

Skill      XL: |  1  2  3  4  5  6  7  8  9 |
---------------+----------------------------+-----
Dodging        | 3 4 5 7 8 9 10 | 10.7
Ranged Weapons | 5 6 7 9 |  9.0
Fighting       | 2 3 |  3.1
Invocations    | 4 |  4.0
Stealth        | |  1.5

Action                     |  1- 3 |  4- 6 |  7- 9 || total
---------------------------+-------+-------+-------++-------
   Fire: Shortbow          |   113 |   119 |       ||   232
         Orcbow            |       |    45 |   326 ||   371
 Invoke: Heroism           |       |       |     1 ||     1
    Use: Scroll            |     4 |     6 |     5 ||    15
         Potion            |     1 |     1 |     1 ||     3
 Armour: Robe              |    17 |    13 |    44 ||    74
  Dodge: Dodged            |    49 |    53 |   198 ||   300

Table legend:
 A = Non-vault XP
 B = Vault XP
 C = Vault XP percentage of total XP
 D = Non-vault monster count
 E = Vault monster count
 F = Vault count percentage of total count
                 A         B        C        D         E       F
            +---------+---------+-------+---------+---------+-------
      Total |    3135 |     384 |  10.9 |     162 |       8 |   4.7
            +---------+---------+-------+---------+---------+-------
        D:1 |      47 |       0 |   0.0 |      24 |       0 |   0.0
        D:2 |     100 |       5 |   4.8 |      23 |       3 |  11.5
        D:3 |     207 |     293 |  58.6 |      23 |       3 |  11.5
        D:4 |     152 |       0 |   0.0 |      16 |       0 |   0.0
        D:5 |     601 |      86 |  12.5 |      23 |       2 |   8.0
        D:6 |     777 |       0 |   0.0 |      17 |       0 |   0.0
        D:7 |     755 |       0 |   0.0 |      28 |       0 |   0.0
        D:8 |     496 |       0 |   0.0 |       8 |       0 |   0.0
            +---------+---------+-------+---------+---------+-------
